 Dungeon Crawl Stone Soup version 0.20.1-1-g8b1a95d (webtiles) character file.

100 kae the Insei (level 4, 0/35 HPs)
             Began as a Demonspawn Gladiator on Sept 14, 2017.
             Slain by a worm (10 damage)
             ... on level 3 of the Dungeon.
             The game lasted 00:03:13 (2305 turns).

kae the Insei (Demonspawn Gladiator)                Turns: 2305, Time: 00:03:13

Health: 0/35       AC:  4    Str: 11 (14) XL:     4   Next: 47%
Magic:  13/13      EV: 12    Int:  8 (9)  God:
Gold:   80         SH:  0    Dex: 15 (16) Spells: 3/3 levels left

rFire    . . .     SeeInvis .     - Unarmed
rCold    . . .     Gourm    .   (no shield)
rNeg     . . .     Faith    .   a - +0 leather armour
rPois    .         Spirit   .   b - +0 helmet
rElec    .         Reflect  .   (no cloak)
rCorr    .         Harm     .   (no gloves)
MR       .....                  (no boots)
Stlth    +.........             (no amulet)
Regen    0.2/turn               i - ring of magical power
MPRegen  0.2/turn               (no ring)

@: no status effects
A: powered by death 2
a: no special abilities


You were on level 3 of the Dungeon.
You were hungry.

You visited 1 branch of the dungeon, and saw 3 of its levels.

You collected 80 gold pieces.

Inventory:

Missiles
 c - 3 throwing nets (quivered)
Armour
 a - a +0 leather armour (worn)
 b - a +0 helmet (worn)
Jewellery
 i - a ring of magical power (left hand)
Scrolls
 e - 3 scrolls of identify
 f - a scroll of fog {unknown}
 m - 2 scrolls of recharging {unknown}
Potions
 g - a potion of haste
 j - a potion of flight {unknown}
Comestibles
 d - a bread ration
 h - a chunk of flesh
 k - 2 meat rations
 n - 2 royal jellies


   Skills:
 + Level 3.3 Fighting
 - Level 1.7 Throwing
 - Level 2.6 Dodging
 * Level 4.1 Unarmed Combat


You had 3 spell levels left.
You didn't know any spells.

Dungeon Overview and Level Annotations

Branches:
Dungeon (3/15)

Altars:
Gozag
Ru

Shops:
D:2 *

Annotations:
D:3 wnhky's ghost, amateur GrEE


Innate Abilities, Weirdness & Mutations

You regenerate health from kills.


Message History

You hit the worm.
The worm is heavily wounded.
You hit the worm.
The worm is almost dead.
The worm closely misses you.
You barely miss the worm.
The worm is almost dead.
You barely miss the worm.
The worm is almost dead.
The worm bites you!
* * * LOW HITPOINT WARNING * * *
You hit the worm but do no damage.
The worm is severely wounded.
You hit the worm but do no damage.
The worm is severely wounded.
The worm closely misses you.
You hit the worm.
The worm is almost dead.
The worm bites you!
You die...

.....#+#)†.......# ##...
##.....#.##......# #....
...........<.....# #....
###...##.###...#####....
+...+............#'###
#. .##.#......##...... #
...#......##......
#.......#+##......
#@#..##...........
#w#...............
#K...##...........
###..........#+###
#.!........#
#.....####.#
##+#######.....# #.#
......(...K....# +#
........Kw..##.#


You could see a worm and a kobold.

Vanquished Creatures
  An orc wizard (D:3)
  3 adders
  2 worms (D:3)
  A dart slug (D:1)
  A leopard gecko (D:1)
  3 ball pythons
  2 giant cockroaches (D:3)
  4 goblins
  2 hobgoblins
  7 bats
  3 frilled lizards (D:3)
  7 kobolds
  7 rats
43 creatures vanquished.

Notes
Turn   | Place    | Note
-------+----------+-------------------------------------------
     0 | D:1      | kae the Demonspawn Gladiator began the quest for the Orb.
     0 | D:1      | Reached XP level 1. HP: 16/16 MP: 1/1
   410 | D:1      | Gained mutation: You regenerate a little health from kills. [demonic ancestry]
   410 | D:1      | Reached XP level 2. HP: 21/23 MP: 2/2
   425 | D:1      | Reached skill level 3 in Unarmed Combat
   856 | D:2      | Found an opulent altar of Gozag.
   860 | D:2      | Found Gozag's Platinum Reserve.
  1014 | D:2      | Reached XP level 3. HP: 25/28 MP: 3/3
  1707 | D:3      | Found a sacrificial altar of Ru.
  1720 | D:3      | Gained mutation: You regenerate health from kills. [demonic ancestry]
  1720 | D:3      | Reached XP level 4. HP: 30/35 MP: 4/4
  1792 | D:3      | Noticed wnhky's ghost (amateur GrEE)
  1795 | D:3      | Reached skill level 4 in Unarmed Combat
  2305 | D:3      | Slain by a worm

Skill      XL: |  1  2  3  4 |
---------------+-------------+-----
Unarmed Combat | 3 4 |  4.1
Fighting       | 3 |  3.3
Throwing       | |  1.7
Dodging        | |  2.6

Action                   |  1- 3 |  4- 6 || total
-------------------------+-------+-------++-------
Melee: Unarmed           |   130 |    64 ||   194
       Punch             |     3 |     1 ||     4
  Use: Scroll            |     2 |       ||     2
       Potion            |       |     3 ||     3
 Stab: Paralysed         |       |     1 ||     1
  Eat: Chunk             |     3 |     1 ||     4
Armor: Leather armour    |    68 |    12 ||    80
Dodge: Dodged            |    94 |    30 ||   124
